 Dungeon Crawl Stone Soup version 0.26.1-15-g04117e645d (webtiles) character file.

Game seed: 9465374406547828797

15033 Froggeryz the Basher (level 12, -2/87 HPs)
             Began as an Octopode Berserker on Nov 20, 2022.
             Was a High Priest of Trog.
             Slain by an elephant (15 damage)
             ... on level 2 of the Lair of Beasts.
             The game lasted 00:19:12 (15841 turns).

Froggeryz the Basher (Octopode Berserker)          Turns: 15841, Time: 00:19:12

Health: -2/87      AC:  5    Str: 16    XL:     12   Next: 22%
Magic:  12/12      EV: 18    Int: 10    God:    Trog [*****.]
Gold:   581        SH:  5    Dex: 16    Spells: 11/11 levels left

rFire    + . .     SeeInvis .   F - +6 morningstar of Quly {vorpal, *Corrode rPois Will+}
rCold    . . .     Faith    .   m - +0 buckler
rNeg     . . .     Spirit   .   (helmet restricted)
rPois    +         Reflect  .   g - amulet of the acrobat
rElec    .         Harm     .   o - +4 ring of protection
rCorr    .         Rampage  .   t - ring of protection from fire
Will     +++..                  (no ring)
Stlth    ++........             (no ring)
HPRegen  1.24/turn              (no ring)
MPRegen  0.13/turn              (no ring)
                                (no ring)
                                (no ring)

@: berserk cooldown, regenerating, slowed, very slow
A: almost no armour, stealthy swim, amphibious, 8 rings, constrict 8, camouflage
1, gelatinous body 1
a: Renounce Religion, Berserk, Trog's Hand, Brothers in Arms


You were on level 2 of the Lair of Beasts.
You worshipped Trog.
Trog was extremely pleased with you.
You visited 3 branches of the dungeon, and saw 14 of its levels.

You collected 829 gold pieces.
You spent 248 gold pieces at shops.

Inventory:

Hand Weapons
 e - a +4 mace
 F - the +6 morningstar of Quly (weapon) {vorpal, *Corrode rPois Will+}
   (Trog gifted it to you on level 9 of the Dungeon)

   It inflicts extra damage upon your enemies.
   It protects you from poison.
   It affects your willpower, your defense against some magical effects.
   It may corrode you when you take damage.
 H - a +4 mace of holy wrath
 J - a +0 whip of freezing
Missiles
 f - 2 silver boomerangs
 u - 4 javelins
 y - 6 boomerangs
 A - 50 poisoned darts (quivered)
 I - 6 throwing nets
Armour
 m - a +0 buckler (worn)
Jewellery
 g - an amulet of the acrobat (around mantle)
 o - a +4 ring of protection (left tentacle)
 t - a ring of protection from fire (right tentacle)
 M - a +6 ring of dexterity {unknown}
Wands
 a - a wand of paralysis (13)
 q - a wand of iceblast (12)
 G - a wand of enslavement (14)
 L - a wand of polymorph (6)
Scrolls
 b - 8 scrolls of remove curse
 j - a scroll of fear
 l - 6 scrolls of fog
 n - 3 scrolls of blinking
 s - a scroll of immolation
 v - 5 scrolls of magic mapping
 x - a scroll of enchant weapon
 B - a scroll of identify
 C - 3 scrolls of teleportation
Potions
 c - 5 potions of curing
 d - 2 potions of mutation {unknown}
 h - 3 potions of flight
 i - 4 potions of berserk rage
 k - a potion of resistance
 p - 2 potions of magic {unknown}
 r - 2 potions of haste {unknown}
 w - 2 potions of heal wounds
 z - 2 potions of cancellation
 D - a potion of brilliance {unknown}
 E - 2 potions of attraction
 K - a potion of ambrosia {unknown}


   Skills:
 + Level 10.0 Fighting
 * Level 13.6 Maces & Flails
 - Level 6.5 Throwing
 + Level 6.9 Dodging
 - Level 4.6 Shields


You had 11 spell levels left.
You didn't know any spells.
Your spell library was empty.

Dungeon Overview and Level Annotations

Branches:
Dungeon (11/15)            Temple (1/1) D:4            Lair (2/6) D:8
    Orc (0/2) D:9
  Swamp: Lair:2-4    Shoals: Lair:2-4     Snake: Lair:2-4    Spider: Lair:2-4

Altars:
Cheibriados
Kikubaaqudgha
Qazlal
Uskayaw
Vehumet
Wu Jian
Yredelemnul

Shops:
D:8 }   D:9 [?[(!   D:10 ?


Innate Abilities, Weirdness & Mutations

You cannot wear most types of armour.
You are very stealthy in the water. (Stealth+)
You are amphibious.
You can wear up to eight rings at the same time.
You can use your tentacles to constrict eight enemies at once.
Your skin changes colour to match your surroundings (Stealth+).
Your rubbery body absorbs attacks. (AC +1, EV +1)


Message History

The elephant is moderately wounded.
The elephant misses you. You block the elephant's attack.
You impale the elephant!!
You squeeze the elephant, but do no damage.
The elephant is severely wounded.
The elephant completely misses you.
The elephant trunk-slaps you but does no damage.
You hit the elephant.
The elephant is severely wounded.
The elephant tramples you!
* * * LOW HITPOINT WARNING * * *
You hold your ground!
The elephant barely misses you.
You completely miss the elephant.
The elephant is severely wounded.
The elephant tramples you.
* * * LOW HITPOINT WARNING * * *
You hold your ground!
The elephant trunk-slaps you but does no damage.
The elephant tramples you!
You die...

.#.## .... ... ... ...
#.# .... ##.# .....
#####..### #
.....##..##...P###.###
..........†..†Y......#
$.........#..##@..####
..$.$...<.#########
..........#
.........## .........P
.........## ......=..#
.........# .####P##..


You could see an elephant.

Vanquished Creatures
  A hydra (Lair:1)
  Harold (D:7)
  2 two-headed ogres
  An ugly thing (D:10)
  A black mamba (Lair:1)
  4 elephants (Lair:2)
  Maurice (D:8)
  A gargoyle (D:10)
  3 cane toads (Lair:1)
  A wolf (D:8)
  A troll (D:9)
  2 hornets
  2 wyverns (Lair:1)
  A basilisk (Lair:1)
  3 wargs (D:7)
  3 water moccasins
  A black bear (D:8)
  2 sky beasts
  7 orc warriors
  An ice beast (D:9)
  4 phantoms
  3 necrophages (D:10)
  7 ogres
  4 centaurs
  5 big kobolds (D:9)
  3 gnoll sergeants
  8 bullfrogs
  A water moccasin zombie (D:4)
  13 wights
  3 howler monkeys (D:9)
  A quasit (D:9)
  2 bullfrog zombies (D:10)
  4 centaur zombies
  3 jellies
  A bullfrog skeleton (D:5)
  4 hounds
  6 orc priests
  A centaur skeleton (D:6)
  5 iguanas
  19 orc wizards
  5 worker ants
  A hound zombie (D:10)
  A hound skeleton (D:9)
  A mummy (D:10)
  A worker ant zombie (D:10)
  A howler monkey skeleton (D:6)
  9 gnolls
  9 adders
  2 shadow imps
  An ooze (D:2)
  2 worms (D:2)
  2 adder skeletons
  An adder zombie (D:7)
  2 leopard geckos
  47 orcs
  7 giant cockroaches
  11 goblins
  11 hobgoblins
  22 jackals
  13 kobolds
  4 quokkas
  A ball python zombie (D:5)
  7 bats
  4 frilled lizards
  2 leopard gecko skeletons
  9 rats
312 creatures vanquished.

Vanquished Creatures (collateral kills)
  Grum (D:8)
  A wolf (D:8)
  A quokka (D:8)
3 creatures vanquished.

Vanquished Creatures (others)
  Psyche (D:8)
  An orc warrior (D:9)
  2 fungi (Lair:2)
  A withered plant (D:10)
5 creatures vanquished.

Grand Total: 320 creatures vanquished

Notes
Turn   | Place    | Note
-------+----------+-------------------------------------------
     0 | D:1      | Froggeryz the Octopode Berserker began the quest for the
                  | Orb.
     0 | D:1      | Reached XP level 1. HP: 16/16 MP: 1/1
   161 | D:1      | Reached XP level 2. HP: 21/21 MP: 2/2
  1044 | D:1      | Reached XP level 3. HP: 26/26 MP: 3/3
  1151 | D:2      | Found a faded altar of an unknown god.
  1233 | D:2      | Reached ** piety under Trog
  1239 | D:2      | Reached skill level 4 in Maces & Flails
  1590 | D:2      | Reached XP level 4. HP: 28/32 MP: 4/4
  2386 | D:3      | Found a radiant altar of Vehumet.
  2630 | D:3      | Reached XP level 5. HP: 22/37 MP: 5/5
  2872 | D:3      | Reached skill level 5 in Maces & Flails
  2872 | D:3      | Reached skill level 1 in Shields
  3046 | D:3      | Reached *** piety under Trog
  3395 | D:4      | Found a staircase to the Ecumenical Temple.
  3398 | D:4      | Noticed an ogre
  3408 | D:4      | Killed an ogre
  3409 | D:4      | Reached XP level 6. HP: 35/43 MP: 6/6
  3420 | Temple   | Entered the Ecumenical Temple
  4081 | D:4      | Reached XP level 7. HP: 44/48 MP: 7/7
  4409 | D:5      | Entered Level 5 of the Dungeon
  4463 | D:5      | Reached skill level 6 in Maces & Flails
  4877 | D:5      | Reached skill level 1 in Throwing
  5391 | D:5      | Reached **** piety under Trog
  5399 | D:5      | Reached XP level 8. HP: 47/54 MP: 8/8
  5738 | D:6      | Reached skill level 7 in Maces & Flails
  6133 | D:6      | Reached skill level 5 in Fighting
  7447 | D:7      | Reached skill level 8 in Maces & Flails
  7789 | D:7      | Noticed Harold
  7803 | D:7      | Killed Harold
  7804 | D:7      | Reached skill level 9 in Maces & Flails
  7804 | D:7      | Reached XP level 9. HP: 62/62 MP: 9/9
  8417 | D:8      | Reached skill level 5 in Throwing
  8517 | D:8      | Found a staircase to the Lair.
  9051 | D:8      | Reached skill level 10 in Maces & Flails
  9067 | D:8      | Reached XP level 10. HP: 55/71 MP: 10/10
  9212 | D:8      | Noticed a two-headed ogre
  9221 | D:8      | Killed a two-headed ogre
  9311 | D:8      | Noticed Psyche
  9320 | D:8      | Your ally died
  9335 | D:8      | Noticed Grum
  9345 | D:8      | Killed Grum
  9930 | D:8      | Noticed Maurice
  9939 | D:8      | Killed Maurice
 10387 | D:8      | Found Bawuyheu's Gadget Boutique.
 10568 | D:9      | Reached skill level 11 in Maces & Flails
 11167 | D:9      | Found Cuacuacw's Antique Armour Emporium.
 11180 | D:9      | Reached ***** piety under Trog
 11384 | D:9      | Found Meqiurch's Antique Armour Shoppe.
 11398 | D:9      | Found Kyile's Magic Scroll Shop.
 11403 | D:9      | Bought a scroll of magic mapping for 52 gold pieces
 11403 | D:9      | Bought a scroll of magic mapping for 52 gold pieces
 11752 | D:9      | Found a staircase to the Orcish Mines.
 12023 | D:9      | Reached XP level 11. HP: 45/78 MP: 11/11
 12382 | D:9      | Found Xinnic's Distillery.
 12393 | D:9      | Bought a potion of heal wounds for 80 gold pieces
 12393 | D:9      | Bought a potion of curing for 48 gold pieces
 12393 | D:9      | Bought a potion of degeneration for 16 gold pieces
 12398 | D:9      | Found Emnubam's Antique Weapon Boutique.
 12398 | D:9      | Noticed a two-headed ogre
 12855 | D:9      | Reached skill level 12 in Maces & Flails
 13183 | D:10     | Entered Level 10 of the Dungeon
 13638 | D:10     | Noticed a two-headed ogre
 13647 | D:10     | Killed a two-headed ogre
 13648 | D:10     | Reached skill level 5 in Dodging
 14095 | D:10     | Found Apongyro's Magic Scroll Emporium.
 14367 | D:10     | Noticed a red ugly thing
 14379 | D:10     | Killed a red ugly thing
 14599 | D:11     | Noticed a death knight
 14769 | D:9      | Received a gift from Trog
 14770 | D:9      | Got a scorched morningstar {god gift}
 14771 | D:9      | Identified the +6 morningstar of Quly {vorpal, *Corrode
                  | rPois Will+} (Trog gifted it to you on level 9 of the
                  | Dungeon)
 14811 | Lair:1   | Entered Level 1 of the Lair of Beasts
 14972 | Lair:1   | Reached skill level 13 in Maces & Flails
 15380 | Lair:1   | Noticed a five-headed hydra
 15388 | Lair:1   | Killed a five-headed hydra
 15389 | Lair:1   | Reached XP level 12. HP: 71/87 MP: 12/12
 15837 | Lair:2   | Reached skill level 10 in Fighting
 15841 | Lair:2   | Slain by an elephant

Illustrated notes

Levels and vault maps discovered:
D:1:      ncdulo_halloftheorcs, layout_basic
D:2:      layout_loops_ring, chequers_ecumenical_altar_island
D:3:      minmay_inner_zag, layout_loops_ring, vehumet_crystals,
          skrybe_limestone_x, chequers_serial_rivers_micro_c
D:4:      wander_river, layout_gridville, minmay_temple_entry_mini_moons
D:5:      layout_loops_cross
D:6:      layout_basic, st_stairs_14, corner_web_ring
D:7:      layout_rooms, uniq_harold
D:8:      layout_basic, erik_lair_orcish_takeover, serial_shops,
          nicolae_shop_crystal, lemuel_flamethrower_1, uniq_maurice, uniq_grum,
          uniq_psyche
D:9:      layout_roguey, kennysheep_orc_monster_closet_entryway, serial_shops,
          nicolae_shop_statue_plus, shop, shop, nicolae_shop_stone, shop_scrolls
D:10:     minmay_angry_zag, layout_irregular_city, serial_undead,
          serial_undead_d, serial_undead_a, serial_undead_c, serial_undead_c,
          serial_shops, shop
D:11:     layout_basic, portal_ice_cave_entry_imps
Temple:   compressed_dpeg_triangle_lava_temple
Lair:1:   layout_long_grid, grunt_megastairs_1
Lair:2:   layout_small_grid, beast_lair_carwin_7

Skill      XL: |  1  2  3  4  5  6  7  8  9 10 11 12 |
---------------+-------------------------------------+-----
Maces & Flails | 4 5 6 9 10 11 13 | 13.6
Fighting       | 4 6 7 8 9 10 | 10.0
Shields        | 2 3 4 |  4.6
Throwing       | 1 4 5 6 |  6.5
Dodging        | 4 6 |  6.9

Action                   |  1- 3 |  4- 6 |  7- 9 | 10-12 || total
-------------------------+-------+-------+-------+-------++-------
Melee: Mace              |    57 |   104 |   260 |   365 ||   786
       Constrict         |    18 |    30 |    54 |    79 ||   181
       Tentacles         |    10 |    23 |    69 |   117 ||   219
       Morningstar       |       |       |       |    65 ||    65
Invok: Berserk           |       |     2 |     6 |     8 ||    16
       Trog's Hand       |       |       |     1 |     1 ||     2
Evoke: Wand              |       |       |       |    16 ||    16
  Use: Scroll            |       |       |     1 |    17 ||    18
 Stab: Sleeping          |     9 |     6 |    11 |     7 ||    33
       Distracted        |     1 |       |     1 |     2 ||     4
       Paralysed         |       |       |       |     3 ||     3
Armor: Skin              |     1 |     9 |    32 |    39 ||    81
Dodge: Dodged            |    49 |    91 |   158 |   280 ||   578
Block: Buckler           |       |       |    46 |    83 ||   129
